 Dungeon Crawl Stone Soup version 0.23-a0-358-g98c7a59 (webtiles) character file.

22747 Gorice the Fighter (level 13, 0/103 HPs)
             Began as a Gnoll Wanderer on Oct 22, 2018.
             Was the Champion of Okawaru.
             Slain by a polar bear (3 damage)
             ... on level 4 of the Lair of Beasts.
             The game lasted 01:00:17 (15332 turns).

Gorice the Fighter (Gnoll Wanderer)                Turns: 15332, Time: 01:00:19

Health: 0/103      AC: 19    Str: 19    XL:     13   Next: 2%
Magic:  24/24      EV: 18    Int: 14    God:    Okawaru [******]
Gold:   693        SH:  0    Dex: 20    Spells: 27/27 levels left

rFire    x x .     SeeInvis .   a - +7 spear "Soostraq" {venom, +Fly rF- rC+ Dex+4}
rCold    + + .     Gourm    .   (no shield)
rNeg     . . .     Faith    .   E - +0 plate armour
rPois    .         Spirit   .   (no helmet)
rElec    .         Reflect  .   k - +1 cloak
rCorr    .         Harm     .   (no gloves)
MR       .....                  (no boots)
Stlth    +.........             s - amulet of Mugris {+Rage Slay+3}
HPRegen  0.27/turn              I - ring of ice
MPRegen  0.19/turn              e - +4 ring of evasion

@: heroism, berserk cooldown, slowed, very slow
A: distributed training, fangs 1, strong nose
a: Heroism, Finesse, Renounce Religion, Evoke Berserk Rage, Evoke Flight


You were on level 4 of the Lair of Beasts.
You worshipped Okawaru.
Okawaru was exalted by your worship.
You were not hungry.

You visited 3 branches of the dungeon, and saw 14 of its levels.

You collected 693 gold pieces.

Inventory:

Hand Weapons
 a - the +7 spear "Soostraq" (weapon) {venom, +Fly rF- rC+ Dex+4}
   (You found it on level 5 of the Dungeon)

   It poisons the flesh of those it strikes.
   It affects your dexterity (+4).
   It makes you vulnerable to fire.
   It protects you from cold.
   It lets you fly.
 b - a +1 shortbow
 q - a +0 broad axe of freezing
   (Okawaru gifted it to you on level 1 of the Lair of Beasts)
 B - a +6 antimagic rapier
   (Okawaru gifted it to you on level 2 of the Lair of Beasts)
 N - a +1 antimagic executioner's axe
   (Okawaru gifted it to you on level 3 of the Lair of Beasts)
Missiles
 c - 2 tomahawks of returning
 d - 201 arrows
 S - 6 exploding tomahawks
 V - 6 tomahawks
 Y - 223 stones (quivered)
 Z - a throwing net {!f}
Armour
 k - a +1 cloak (worn)
 E - a +0 plate armour (worn)
Jewellery
 e - a +4 ring of evasion (right hand)
 i - an uncursed ring of see invisible
 r - a +1 ring of protection
 s - the amulet of Mugris (around neck) {+Rage Slay+3}
   (You found it on level 2 of the Lair of Beasts)

   [amulet of rage]

   It affects your accuracy and damage with ranged weapons and melee attacks
   (+3).
   It lets you go berserk.
 v - the ring of Erruajuc {Dex+2 Stlth-}
   (You found it on level 2 of the Lair of Beasts)

   [ring of attention]

   It affects your dexterity (+2).
   It makes you less stealthy.
 A - an uncursed amulet of the acrobat
 F - an uncursed ring of fire
 I - a ring of ice (left hand)
Wands
 t - a wand of flame (53)
 x - a wand of scattershot (3)
 R - a wand of paralysis (9)
Scrolls
 g - 3 scrolls of teleportation {!r}
 m - a scroll of enchant weapon
 p - 3 scrolls of fear {!r}
 w - 8 scrolls of remove curse
 y - a scroll of identify
 C - 3 scrolls of magic mapping {!r}
 J - 6 scrolls of fog
 M - 2 scrolls of blinking
Potions
 h - 2 potions of magic {!q}
 l - a potion of ambrosia
 n - a potion of flight
 o - 3 potions of lignification {!q}
 u - a potion of agility {!q}
 z - a potion of haste {!q}
 D - 2 potions of heal wounds {!q}
 G - a potion of might {!q}
 H - a potion of invisibility {!q}
 K - a potion of cancellation {!q}
 W - a potion of curing
Miscellaneous
 j - a fan of gales
Comestibles
 f - 33 rations
 L - 10 chunks of flesh


   Skills:
 + Level 10.1(15.1) Fighting
 + Level 7.7(12.7) Short Blades
 + Level 7.7(12.7) Long Blades
 + Level 7.7(12.7) Axes
 + Level 7.7(12.7) Maces & Flails
 + Level 7.7(12.7) Polearms
 + Level 7.7(12.7) Staves
 + Level 7.7(12.7) Slings
 + Level 9.0(14.0) Bows
 + Level 7.7(12.7) Crossbows
 + Level 7.7(12.7) Throwing
 + Level 9.0(14.0) Armour
 + Level 7.7(12.7) Dodging
 + Level 8.1(13.1) Stealth
 + Level 7.7(12.7) Shields
 + Level 7.7(12.7) Unarmed Combat
 + Level 7.7 Spellcasting
 + Level 6.4 Conjurations
 + Level 6.4 Hexes
 + Level 6.4 Charms
 + Level 6.4 Summonings
 + Level 6.4 Necromancy
 + Level 6.4 Translocations
 + Level 6.4 Transmutations
 + Level 6.4 Fire Magic
 + Level 6.4 Ice Magic
 + Level 6.4 Air Magic
 + Level 6.4 Earth Magic
 + Level 6.4 Poison Magic
 + Level 8.4 Invocations
 + Level 9.0 Evocations


You had 27 spell levels left.
You didn't know any spells.
Your spell library was empty.

Dungeon Overview and Level Annotations

Branches:
Dungeon (9/15)             Temple (1/1) D:6            Lair (4/6) D:9
 Shoals (0/4) Lair:2        Snake (0/4) Lair:2          Orc (0/2) D:9

Altars:
Cheibriados
Dithmenos
Elyvilon
Fedhas
Gozag
Hepliaklqana
Makhleb
Nemelex Xobeh
Okawaru
Qazlal
Ru
Sif Muna
Trog
Uskayaw
Vehumet
Wu Jian
Xom
Yredelemnul
Zin
The Shining One

Shops:
D:5 %   D:8 *

Portals:
Ice
Cave: Lair:4

Annotations:
D:7 5 runed doors
Lair:4 1 transporter


Innate Abilities, Weirdness & Mutations

Your experience applies equally to all skills.
You have very sharp teeth.
Your uncanny sense of smell can sniff out nearby items.


Message History

You puncture the polar bear!
You kill the polar bear!
Okawaru accepts your kill. Something appears at your feet!
Okawaru grants you ammunition! The polar bear bites you!
* * * LOW HITPOINT WARNING * * *
The polar bear claws you but does no damage.
The polar bear barely misses you. The polar bear misses you.
The polar bear completely misses you. The polar bear claws you.
* * * LOW HITPOINT WARNING * * *
You see here a polar bear corpse.
Damage: 12 (max 12)
Items here: ( ÷÷÷ 7 tomahawks of returning; a yak skeleton x3
You hit the polar bear but do no damage.
The polar bear is poisoned.
You bite the polar bear.
The polar bear is lightly wounded.
The polar bear bites you!
* * * LOW HITPOINT WARNING * * *
The polar bear completely misses you. x2
Damage: 7 (max 12)
You puncture the polar bear! You punch the polar bear.
The polar bear is heavily wounded.
The polar bear barely misses you.
The polar bear claws you but does no damage.
The polar bear misses you.
Unknown command.
You closely miss the polar bear.
The polar bear is heavily wounded.
Unknown command.
You puncture the polar bear! You punch the polar bear!
The polar bear is almost dead.
The polar bear goes berserk!
Unknown command.
You hit the polar bear but do no damage.
The polar bear is almost dead.
The polar bear bites you!
* * * LOW HITPOINT WARNING * * *
The polar bear claws you.
* * * LOW HITPOINT WARNING * * *
The polar bear claws you but does no damage.
Damage: 18 (max 18)
You barely miss the polar bear.
The polar bear is almost dead.
The polar bear bites you.
* * * LOW HITPOINT WARNING * * *
The polar bear barely misses you. The polar bear misses you.
The polar bear bites you.
You die...

###P#,* ##. ##....** #..
#.....* ##. #P....###
########## #.
*#....#.####..##.##.####.
##.....................#.
*#............###..####÷..
#.#..###.####.P###.#**#÷..
#..,,**##@###.............
#**,,,* ##h##P............
*,,,* #.###.PP..........
*,,,**#.# ##P..#........
*,,,*#..#**#P...........
*,,**##..,**............
*,,***...#**,,###≈≈P....
*,,**,....**,,*≈≈≈≈≈≈,,,
**,**..∩..#*,,≈≈≈≈≈≈≈,,,


You could see a polar bear (berserk).

Vanquished Creatures
  An ice dragon (Lair:4)
  2 hydras (Lair:3)
  A two-headed ogre (D:9)
  Pikel (D:4)
  An ugly thing (D:9)
  2 black mambas
  6 elephants (Lair:2)
  A merfolk siren (Lair:2)
  7 spiny frogs
  A torpor snail (Lair:2)
  2 komodo dragons
  A rime drake (Lair:3)
  2 polar bears
  14 blink frogs
  4 hippogriffs
  12 yaks
  2 wargs (D:9)
  5 nagas (Lair:2)
  A basilisk (Lair:2)
  3 porcupines
  A water moccasin (D:6)
  A black bear (D:8)
  A sky beast (D:6)
  3 eyes of draining (D:9)
  A slave (D:3)
  9 orc warriors
  3 phantoms
  4 ogres
  14 wolves (Lair:3)
  3 centaurs
  5 crocodiles
  The ghost of CcS the Magician, an amateur DEWz (D:3)
  A big kobold (D:8)
  7 bullfrogs
  4 scorpions
  4 killer bees (D:7)
  11 wights
  4 howler monkeys
  An electric eel (Lair:1)
  A crimson imp (D:9)
  2 bullfrog zombies
  5 hounds
  4 orc priests
  A jelly (D:6)
  14 orc wizards
  A centaur skeleton (D:4)
  Natasha (thrice) (D:3)
  5 iguanas
  6 worker ants
  A hound zombie (D:7)
  A worker ant zombie (D:5)
  4 gnolls
  6 adders
  A river rat (D:3)
  3 shadow imps
  An adder zombie (D:8)
  3 adder skeletons
  5 worms
  A dart slug (D:1)
  6 leopard geckos
  30 orcs
  3 ball pythons
  7 giant cockroaches
  8 goblins
  4 hobgoblins
  10 jackals
  5 quokkas
  8 bats
  6 frilled lizards
  A jackal zombie (D:8)
  13 kobolds
  A quokka zombie (D:9)
  6 rats
323 creatures vanquished.

Vanquished Creatures (others)
  A river rat (D:3)
  6 fungi
  17 plants (Lair:1)
24 creatures vanquished.

Grand Total: 347 creatures vanquished

Notes
Turn   | Place    | Note
-------+----------+-------------------------------------------
     0 | D:1      | Gorice the Gnoll Wanderer began the quest for the Orb.
     0 | D:1      | Gorice set off with: a fan of gales, a +0 ring mail, a +0
                  | shortbow, 25 arrows, a ration
     0 | D:1      | Reached XP level 1. HP: 23/23 MP: 3/3
   157 | D:1      | Reached XP level 2. HP: 29/29 MP: 5/5
   415 | D:1      | Reached XP level 3. HP: 35/35 MP: 6/6
   721 | D:2      | Found a radiant altar of Vehumet.
   944 | D:2      | Reached skill level 1 in Invocations
  1156 | D:2      | Reached skill level 1 in Short Blades
  1156 | D:2      | Reached skill level 1 in Long Blades
  1156 | D:2      | Reached skill level 1 in Axes
  1156 | D:2      | Reached skill level 1 in Maces & Flails
  1156 | D:2      | Reached skill level 1 in Polearms
  1156 | D:2      | Reached skill level 1 in Staves
  1156 | D:2      | Reached skill level 1 in Slings
  1156 | D:2      | Reached skill level 1 in Crossbows
  1156 | D:2      | Reached skill level 1 in Throwing
  1156 | D:2      | Reached skill level 1 in Dodging
  1156 | D:2      | Reached skill level 1 in Shields
  1156 | D:2      | Reached skill level 1 in Unarmed Combat
  1156 | D:2      | Reached skill level 1 in Spellcasting
  1156 | D:2      | Reached XP level 4. HP: 40/41 MP: 7/7
  1544 | D:3      | Noticed an ogre
  1562 | D:3      | Killed an ogre
  1562 | D:3      | Reached skill level 1 in Conjurations
  1562 | D:3      | Reached skill level 1 in Hexes
  1562 | D:3      | Reached skill level 1 in Charms
  1562 | D:3      | Reached skill level 1 in Summonings
  1562 | D:3      | Reached skill level 1 in Necromancy
  1562 | D:3      | Reached skill level 1 in Translocations
  1562 | D:3      | Reached skill level 1 in Transmutations
  1562 | D:3      | Reached skill level 1 in Fire Magic
  1562 | D:3      | Reached skill level 1 in Ice Magic
  1562 | D:3      | Reached skill level 1 in Air Magic
  1562 | D:3      | Reached skill level 1 in Earth Magic
  1562 | D:3      | Reached skill level 1 in Poison Magic
  1562 | D:3      | Reached XP level 5. HP: 27/47 MP: 8/8
  1899 | D:3      | Noticed Natasha
  1910 | D:3      | Killed Natasha
  1983 | D:3      | Reached XP level 6. HP: 53/53 MP: 9/9
  1984 | D:3      | Reached skill level 2 in Invocations
  1995 | D:3      | Reached skill level 3 in Stealth
  2266 | D:3      | Noticed Natasha
  2271 | D:3      | Killed Natasha
  2368 | D:3      | Found a runed door.
  2384 | D:3      | Noticed CcS's ghost (amateur DEWz)
  2561 | D:3      | Noticed Natasha
  2575 | D:3      | Killed Natasha
  2575 | D:3      | Reached skill level 2 in Short Blades
  2575 | D:3      | Reached skill level 2 in Long Blades
  2575 | D:3      | Reached skill level 2 in Axes
  2575 | D:3      | Reached skill level 2 in Maces & Flails
  2575 | D:3      | Reached skill level 2 in Polearms
  2575 | D:3      | Reached skill level 2 in Staves
  2575 | D:3      | Reached skill level 2 in Slings
  2575 | D:3      | Reached skill level 5 in Bows
  2575 | D:3      | Reached skill level 2 in Crossbows
  2575 | D:3      | Reached skill level 2 in Throwing
  2575 | D:3      | Reached skill level 5 in Armour
  2575 | D:3      | Reached skill level 2 in Dodging
  2575 | D:3      | Reached skill level 2 in Shields
  2575 | D:3      | Reached skill level 2 in Unarmed Combat
  2575 | D:3      | Reached skill level 2 in Spellcasting
  2575 | D:3      | Reached skill level 5 in Evocations
  2991 | D:3      | Found a runed door.
  3222 | D:4      | Noticed a phantom
  3244 | D:4      | Reached XP level 7. HP: 59/59 MP: 10/10
  3283 | D:4      | Reached skill level 7 in Fighting
  3385 | D:4      | Found a shimmering altar of Xom.
  3387 | D:4      | Found a hazy altar of Hepliaklqana.
  3387 | D:4      | Found a sacrificial altar of Ru.
  3391 | D:4      | Found a deep blue altar of Sif Muna.
  3444 | D:4      | Reached skill level 2 in Conjurations
  3444 | D:4      | Reached skill level 2 in Hexes
  3444 | D:4      | Reached skill level 2 in Charms
  3444 | D:4      | Reached skill level 2 in Summonings
  3444 | D:4      | Reached skill level 2 in Necromancy
  3444 | D:4      | Reached skill level 2 in Translocations
  3444 | D:4      | Reached skill level 2 in Transmutations
  3444 | D:4      | Reached skill level 2 in Fire Magic
  3444 | D:4      | Reached skill level 2 in Ice Magic
  3444 | D:4      | Reached skill level 2 in Air Magic
  3444 | D:4      | Reached skill level 2 in Earth Magic
  3444 | D:4      | Reached skill level 2 in Poison Magic
  3468 | D:4      | Reached skill level 3 in Invocations
  3714 | D:4      | Noticed Pikel
  3786 | D:3      | Killed CcS's ghost
  4304 | D:4      | Reached XP level 8. HP: 67/67 MP: 12/12
  4354 | D:4      | Killed Pikel
  4354 | D:4      | Reached skill level 3 in Short Blades
  4354 | D:4      | Reached skill level 3 in Long Blades
  4354 | D:4      | Reached skill level 3 in Axes
  4354 | D:4      | Reached skill level 3 in Maces & Flails
  4354 | D:4      | Reached skill level 3 in Polearms
  4354 | D:4      | Reached skill level 3 in Staves
  4354 | D:4      | Reached skill level 3 in Slings
  4354 | D:4      | Reached skill level 3 in Crossbows
  4354 | D:4      | Reached skill level 3 in Throwing
  4354 | D:4      | Reached skill level 3 in Dodging
  4354 | D:4      | Reached skill level 4 in Stealth
  4354 | D:4      | Reached skill level 3 in Shields
  4354 | D:4      | Reached skill level 3 in Unarmed Combat
  4354 | D:4      | Reached skill level 3 in Spellcasting
  4522 | D:5      | Entered Level 5 of the Dungeon
  4668 | D:5      | Got an encrusted spear
  4669 | D:5      | Identified the +7 spear "Soostraq" {venom, +Fly rF- rC+
                  | Dex+4} (You found it on level 5 of the Dungeon)
  4754 | D:5      | Found Sisivav's Food Shop.
  5205 | D:5      | Reached skill level 3 in Conjurations
  5205 | D:5      | Reached skill level 3 in Hexes
  5205 | D:5      | Reached skill level 3 in Charms
  5205 | D:5      | Reached skill level 3 in Summonings
  5205 | D:5      | Reached skill level 3 in Necromancy
  5205 | D:5      | Reached skill level 3 in Translocations
  5205 | D:5      | Reached skill level 3 in Transmutations
  5205 | D:5      | Reached skill level 3 in Fire Magic
  5205 | D:5      | Reached skill level 3 in Ice Magic
  5205 | D:5      | Reached skill level 3 in Air Magic
  5205 | D:5      | Reached skill level 3 in Earth Magic
  5205 | D:5      | Reached skill level 3 in Poison Magic
  5205 | D:5      | Reached skill level 4 in Invocations
  5411 | D:6      | Reached XP level 9. HP: 72/72 MP: 14/14
  5423 | D:6      | Reached skill level 6 in Bows
  5423 | D:6      | Reached skill level 6 in Armour
  5423 | D:6      | Reached skill level 6 in Evocations
  5568 | D:6      | Found a staircase to the Ecumenical Temple.
  5581 | Temple   | Entered the Ecumenical Temple
  5804 | Temple   | Became a worshipper of Warmaster Okawaru
  5983 | D:6      | Found a stormy altar of Qazlal.
  5996 | D:6      | Found a blossoming altar of Fedhas.
  6057 | D:6      | Reached skill level 4 in Short Blades
  6057 | D:6      | Reached skill level 4 in Long Blades
  6057 | D:6      | Reached skill level 4 in Axes
  6057 | D:6      | Reached skill level 4 in Maces & Flails
  6057 | D:6      | Reached skill level 4 in Polearms
  6057 | D:6      | Reached skill level 4 in Staves
  6057 | D:6      | Reached skill level 4 in Slings
  6057 | D:6      | Reached skill level 4 in Crossbows
  6057 | D:6      | Reached skill level 4 in Throwing
  6057 | D:6      | Reached skill level 4 in Dodging
  6057 | D:6      | Reached skill level 4 in Shields
  6057 | D:6      | Reached skill level 4 in Unarmed Combat
  6057 | D:6      | Reached skill level 4 in Spellcasting
  6327 | D:6      | Found a burning altar of Makhleb.
  6548 | D:7      | Found a glowing silver altar of Zin.
  6563 | D:7      | Found an opulent altar of Gozag.
  6751 | D:7      | Found a runed gate.
  6752 | D:7      | Found a runed door.
  6758 | D:7      | Found a runed gate.
  6758 | D:7      | Found a runed gate.
  6789 | D:7      | Reached * piety under Okawaru
  6805 | D:7      | Found a runed door.
  6821 | D:7      | Found the +9 staff of Olgreb {rPois}
  6847 | D:7      | Reached skill level 5 in Stealth
  6907 | D:7      | Reached skill level 8 in Fighting
  7482 | D:7      | Reached skill level 5 in Invocations
  7681 | D:8      | Reached ** piety under Okawaru
  7693 | D:8      | Found an ornate altar of the Wu Jian Council.
  7707 | D:8      | Found Rasufeap's Assorted Antiques.
  7833 | D:8      | Reached XP level 10. HP: 76/80 MP: 17/17
  7869 | D:8      | Reached skill level 4 in Conjurations
  7869 | D:8      | Reached skill level 4 in Hexes
  7869 | D:8      | Reached skill level 4 in Charms
  7869 | D:8      | Reached skill level 4 in Summonings
  7869 | D:8      | Reached skill level 4 in Necromancy
  7869 | D:8      | Reached skill level 4 in Translocations
  7869 | D:8      | Reached skill level 4 in Transmutations
  7869 | D:8      | Reached skill level 4 in Fire Magic
  7869 | D:8      | Reached skill level 4 in Ice Magic
  7869 | D:8      | Reached skill level 4 in Air Magic
  7869 | D:8      | Reached skill level 4 in Earth Magic
  7869 | D:8      | Reached skill level 4 in Poison Magic
  7922 | D:8      | Found a shadowy altar of Dithmenos.
  8334 | D:9      | Reached skill level 5 in Short Blades
  8334 | D:9      | Reached skill level 5 in Long Blades
  8334 | D:9      | Reached skill level 5 in Axes
  8334 | D:9      | Reached skill level 5 in Maces & Flails
  8334 | D:9      | Reached skill level 5 in Polearms
  8334 | D:9      | Reached skill level 5 in Staves
  8334 | D:9      | Reached skill level 5 in Slings
  8334 | D:9      | Reached skill level 5 in Crossbows
  8334 | D:9      | Reached skill level 5 in Throwing
  8334 | D:9      | Reached skill level 5 in Dodging
  8334 | D:9      | Reached skill level 5 in Shields
  8334 | D:9      | Reached skill level 5 in Unarmed Combat
  8334 | D:9      | Reached skill level 5 in Spellcasting
  8371 | D:9      | Noticed a two-headed ogre
  8394 | D:9      | Killed a two-headed ogre
  8394 | D:9      | Reached *** piety under Okawaru
  8394 | D:9      | Reached skill level 7 in Bows
  8394 | D:9      | Reached skill level 7 in Armour
  8394 | D:9      | Reached skill level 7 in Evocations
  8505 | D:9      | Reached **** piety under Okawaru
  8566 | D:9      | Reached skill level 6 in Stealth
  8613 | D:9      | Reached skill level 6 in Invocations
  8801 | D:9      | Found a staircase to the Lair.
  9046 | D:9      | Found a staircase to the Orcish Mines.
  9097 | D:9      | Got a faintly humming shield
  9153 | D:9      | Reached XP level 11. HP: 72/87 MP: 19/19
  9458 | D:9      | Noticed a cyan ugly thing
  9497 | D:9      | Killed a cyan ugly thing
  9919 | D:9      | Found a bloodstained altar of Trog.
  9940 | D:9      | Reached ***** piety under Okawaru
 10036 | Lair:1   | Entered Level 1 of the Lair of Beasts
 10074 | Lair:1   | Identified the +4 shield of Sif Muna's Reproof {*Corrode
                  | Regen+ Str+9} (You found it on level 9 of the Dungeon)
 10172 | Lair:1   | Reached skill level 9 in Fighting
 10285 | Lair:1   | Reached skill level 6 in Short Blades
 10285 | Lair:1   | Reached skill level 6 in Long Blades
 10285 | Lair:1   | Reached skill level 6 in Axes
 10285 | Lair:1   | Reached skill level 6 in Maces & Flails
 10285 | Lair:1   | Reached skill level 6 in Polearms
 10285 | Lair:1   | Reached skill level 6 in Staves
 10285 | Lair:1   | Reached skill level 6 in Slings
 10285 | Lair:1   | Reached skill level 6 in Crossbows
 10285 | Lair:1   | Reached skill level 6 in Throwing
 10285 | Lair:1   | Reached skill level 6 in Dodging
 10285 | Lair:1   | Reached skill level 6 in Shields
 10285 | Lair:1   | Reached skill level 6 in Unarmed Combat
 10285 | Lair:1   | Reached skill level 6 in Spellcasting
 10291 | Lair:1   | HP: 25/89 [poisoned by a spiny frog]
 10296 | Lair:1   | HP: 18/89 [poisoned by a spiny frog]
 10301 | Lair:1   | HP: 14/89 [poisoned by a spiny frog]
 10306 | Lair:1   | HP: 11/89 [poisoned by a spiny frog]
 10311 | Lair:1   | HP: 10/89 [poisoned by a spiny frog]
 10316 | Lair:1   | HP: 9/89 [poisoned by a spiny frog]
 10323 | Lair:1   | HP: 9/89 [poisoned by a spiny frog]
 10331 | Lair:1   | HP: 8/89 [poisoned by a spiny frog]
 10649 | Lair:1   | Received a gift from Okawaru
 10649 | Lair:1   | Reached skill level 5 in Conjurations
 10649 | Lair:1   | Reached skill level 5 in Hexes
 10649 | Lair:1   | Reached skill level 5 in Charms
 10649 | Lair:1   | Reached skill level 5 in Summonings
 10649 | Lair:1   | Reached skill level 5 in Necromancy
 10649 | Lair:1   | Reached skill level 5 in Translocations
 10649 | Lair:1   | Reached skill level 5 in Transmutations
 10649 | Lair:1   | Reached skill level 5 in Fire Magic
 10649 | Lair:1   | Reached skill level 5 in Ice Magic
 10649 | Lair:1   | Reached skill level 5 in Air Magic
 10649 | Lair:1   | Reached skill level 5 in Earth Magic
 10649 | Lair:1   | Reached skill level 5 in Poison Magic
 10659 | Lair:1   | HP: 22/89 [blink frog (9)]
 10664 | Lair:1   | HP: 9/89 [blink frog (3)]
 10670 | Lair:1   | HP: 13/89 [blink frog (2)]
 11423 | Lair:1   | Received a gift from Okawaru
 11825 | Lair:2   | Got a warped ivory amulet
 11833 | Lair:2   | Identified the amulet of Mugris {+Rage Slay+3} (You found
                  | it on level 2 of the Lair of Beasts)
 11853 | Lair:2   | Got a coiled golden ring
 11855 | Lair:2   | Identified the ring of Erruajuc {Dex+2 Stlth-} (You found
                  | it on level 2 of the Lair of Beasts)
 11887 | Lair:2   | Reached skill level 7 in Invocations
 11943 | Lair:2   | Reached skill level 8 in Bows
 11943 | Lair:2   | Reached skill level 8 in Armour
 11943 | Lair:2   | Reached skill level 8 in Evocations
 12194 | Lair:2   | Reached skill level 7 in Stealth
 12421 | Lair:2   | Found a staircase to the Shoals.
 12484 | Lair:2   | HP: 26/89 [poisoned by a naga (splash of poison)]
 12489 | Lair:2   | HP: 15/89 [spiny frog (7)]
 12491 | Lair:2   | Reached XP level 12. HP: 17/96 MP: 22/22
 12788 | Lair:2   | Found a staircase to the Snake Pit.
 12825 | Lair:2   | Received a gift from Okawaru
 12937 | Lair:2   | HP: 25/96 [elephant (6)]
 12938 | Lair:2   | Reached skill level 7 in Short Blades
 12938 | Lair:2   | Reached skill level 7 in Long Blades
 12938 | Lair:2   | Reached skill level 7 in Axes
 12938 | Lair:2   | Reached skill level 7 in Maces & Flails
 12938 | Lair:2   | Reached skill level 7 in Polearms
 12938 | Lair:2   | Reached skill level 7 in Staves
 12938 | Lair:2   | Reached skill level 7 in Slings
 12938 | Lair:2   | Reached skill level 7 in Crossbows
 12938 | Lair:2   | Reached skill level 7 in Throwing
 12938 | Lair:2   | Reached skill level 7 in Dodging
 12938 | Lair:2   | Reached skill level 7 in Shields
 12938 | Lair:2   | Reached skill level 7 in Unarmed Combat
 12938 | Lair:2   | Reached skill level 7 in Spellcasting
 14075 | Lair:3   | Reached skill level 6 in Conjurations
 14075 | Lair:3   | Reached skill level 6 in Hexes
 14075 | Lair:3   | Reached skill level 6 in Charms
 14075 | Lair:3   | Reached skill level 6 in Summonings
 14075 | Lair:3   | Reached skill level 6 in Necromancy
 14075 | Lair:3   | Reached skill level 6 in Translocations
 14075 | Lair:3   | Reached skill level 6 in Transmutations
 14075 | Lair:3   | Reached skill level 6 in Fire Magic
 14075 | Lair:3   | Reached skill level 6 in Ice Magic
 14075 | Lair:3   | Reached skill level 6 in Air Magic
 14075 | Lair:3   | Reached skill level 6 in Earth Magic
 14075 | Lair:3   | Reached skill level 6 in Poison Magic
 14124 | Lair:3   | Noticed a four-headed hydra
 14143 | Lair:3   | Killed a four-headed hydra
 14143 | Lair:3   | Reached ****** piety under Okawaru
 14143 | Lair:3   | Received a gift from Okawaru
 14143 | Lair:3   | Reached skill level 8 in Invocations
 14147 | Lair:3   | HP: 18/97 [crocodile (12)]
 14608 | Lair:3   | Noticed a six-headed hydra
 14621 | Lair:3   | Killed a six-headed hydra
 15017 | Lair:4   | Found a transporter.
 15031 | Lair:4   | Reached skill level 10 in Fighting
 15081 | Lair:4   | Reached skill level 8 in Stealth
 15236 | Lair:4   | Found a frozen archway.
 15250 | Lair:4   | Reached skill level 9 in Bows
 15250 | Lair:4   | Reached skill level 9 in Armour
 15250 | Lair:4   | Reached skill level 9 in Evocations
 15288 | Lair:4   | Noticed an ice dragon
 15311 | Lair:4   | Killed an ice dragon
 15311 | Lair:4   | Reached XP level 13. HP: 70/103 MP: 24/24
 15324 | Lair:4   | Received a gift from Okawaru
 15325 | Lair:4   | HP: 30/103 [polar bear (11)]
 15331 | Lair:4   | HP: 8/103 [polar bear (16)]
 15332 | Lair:4   | HP: 3/103 [polar bear (2)]
 15332 | Lair:4   | Slain by a polar bear

Vault maps used:
D:1:      saegor_arrival_simple_a, nrook_campfire, feat_on_display
D:2:      lemuel_crystal_altar
D:3:      first_ration, ebering_ghost_sewer_f, uniq_natasha
D:4:      grunt_temple_overflow_open, hex_medium, uniq_pikel
D:5:      serial_shops, nicolae_shop_stone
D:6:      grunt_temple_overflow_forces_of_nature, marbit_many_paths,
          minmay_temple_entry_trees
D:7:      grunt_temple_overflow_gold_and_silver,
          minmay_guarded_unrand_staff_of_olgreb
D:8:      nicolae_overflow_hidden_temple, serial_shops,
          nicolae_shop_overgrown_old_shop, blue_anna_alchemist,
          minmay_misc_feat_nine_boxes, grunt_dithmenos_shadows
D:9:      erik_lair_orcish_takeover, david_orc_4, trog_eyes_of_draining
Temple:   compressed_dpeg_triangle_lava_temple
Lair:1:   serial_bayou_ford_a, serial_bayou_pond_c
Lair:2:   minmay_shoals_entry_lonely_mermaid,
          minmay_snake_entry_guardpost_medium
Lair:3:   grunt_megastairs_2
Lair:4:   gammafunk_cloud_chamber, portal_ice_cave_entry_animals_and_master,
          serial_bayou_shore_a

Skill      XL: |  1  2  3  4  5  6  7  8  9 10 11 12 |
---------------+-------------------------------------+-----
Invocations    | 1 2 3 4 5 6 7 8 |  8.4
Short Blades   | 1 2 3 4 5 6 7 |  7.7
Long Blades    | 1 2 3 4 5 6 7 |  7.7
Axes           | 1 2 3 4 5 6 7 |  7.7
Maces & Flails | 1 2 3 4 5 6 7 |  7.7
Polearms       | 1 2 3 4 5 6 7 |  7.7
Staves         | 1 2 3 4 5 6 7 |  7.7
Slings         | 1 2 3 4 5 6 7 |  7.7
Crossbows      | 1 2 3 4 5 6 7 |  7.7
Throwing       | 1 2 3 4 5 6 7 |  7.7
Dodging        | 1 2 3 4 5 6 7 |  7.7
Shields        | 1 2 3 4 5 6 7 |  7.7
Unarmed Combat | 1 2 3 4 5 6 7 |  7.7
Spellcasting   | 1 2 3 4 5 6 7 |  7.7
Conjurations   | 1 2 3 4 5 6 |  6.4
Hexes          | 1 2 3 4 5 6 |  6.4
Charms         | 1 2 3 4 5 6 |  6.4
Summonings     | 1 2 3 4 5 6 |  6.4
Necromancy     | 1 2 3 4 5 6 |  6.4
Translocations | 1 2 3 4 5 6 |  6.4
Transmutations | 1 2 3 4 5 6 |  6.4
Fire Magic     | 1 2 3 4 5 6 |  6.4
Ice Magic      | 1 2 3 4 5 6 |  6.4
Air Magic      | 1 2 3 4 5 6 |  6.4
Earth Magic    | 1 2 3 4 5 6 |  6.4
Poison Magic   | 1 2 3 4 5 6 |  6.4
Stealth        | 3 4 5 6 7 8 |  8.1
Bows           | 5 6 7 8 9 |  9.0
Armour         | 5 6 7 8 9 |  9.0
Evocations     | 5 6 7 8 9 |  9.0
Fighting       | 7 8 9 10 | 10.1

Action                   |  1- 3 |  4- 6 |  7- 9 | 10-12 | 13-15 || total
-------------------------+-------+-------+-------+-------+-------++-------
Melee: Flail             |    12 |    80 |    95 |       |       ||   187
       Bite              |     1 |     5 |    43 |   120 |     1 ||   170
       Punch             |       |     1 |     3 |    24 |     3 ||    31
       Spear             |       |       |   234 |   729 |     9 ||   972
 Fire: Shortbow          |   122 |   101 |   141 |   144 |       ||   508
Throw: Stone             |       |       |       |     2 |       ||     2
Invok: Heroism           |       |       |       |     2 |     1 ||     3
 Abil: Evoke Berserk Rag |       |       |       |     3 |       ||     3
Evoke: Wand              |       |       |       |     5 |       ||     5
  Use: Scroll            |     6 |     4 |    10 |     6 |       ||    26
       Potion            |       |       |     1 |     2 |       ||     3
 Stab: Paralysed         |       |       |       |     3 |       ||     3
  Eat: Chunk             |     1 |     6 |    11 |    23 |     1 ||    42
       Ration            |       |       |     1 |     1 |       ||     2
Armor: Ring mail         |     7 |       |       |       |       ||     7
       Scale mail        |    28 |    43 |       |       |       ||    71
       Chain mail        |       |    20 |    58 |       |       ||    78
       Plate armour      |       |       |   122 |   247 |     6 ||   375
Dodge: Dodged            |    52 |    54 |   106 |   296 |    18 ||   526

Table legend:
 A = Non-vault XP
 B = Vault XP
 C = Vault XP percentage of total XP
 D = Non-vault monster count
 E = Vault monster count
 F = Vault count percentage of total count
                 A         B        C        D         E       F
            +---------+---------+-------+---------+---------+-------
      Total |   25764 |    6733 |  20.7 |     265 |      58 |  18.0
            +---------+---------+-------+---------+---------+-------
        D:1 |      47 |       0 |   0.0 |      29 |       0 |   0.0
        D:2 |      52 |       0 |   0.0 |      18 |       0 |   0.0
        D:3 |     373 |     162 |  30.3 |      29 |       6 |  17.1
        D:4 |     583 |     629 |  51.9 |      14 |       1 |   6.7
        D:5 |     442 |       0 |   0.0 |      13 |       0 |   0.0
        D:6 |     939 |       3 |   0.3 |      22 |       1 |   4.3
        D:7 |    1113 |       0 |   0.0 |      28 |       0 |   0.0
        D:8 |     720 |     216 |  23.1 |      18 |       2 |  10.0
        D:9 |    3535 |    1722 |  32.8 |      27 |      31 |  53.4
     Lair:1 |    3601 |       0 |   0.0 |      15 |       0 |   0.0
     Lair:2 |    7320 |    1254 |  14.6 |      22 |       6 |  21.4
     Lair:3 |    5487 |     459 |   7.7 |      24 |       4 |  14.3
     Lair:4 |    1552 |    2288 |  59.6 |       6 |       7 |  53.8
            +---------+---------+-------+---------+---------+-------

Table legend:
 A = Turns spent in this place as a percentage of turns spent in the entire game.
 B = Non-inter-level travel turns spent in this place as a percentage of non-inter-level travel turns spent in the entire game.
 C = Inter-level travel turns spent in this place as a percentage of turns spent in this place.
 D = Turns resting spent in this place as a percentage of non-inter-level travel turns spent in this place.
 E = Turns spent auto-exploring this place as a percentage of non-inter-level travel turns spent in this place.
 F = Non-inter-level travel turns spent in this place divided by the number of levels of this place that you've seen.
                   A       B       C       D       E      F
               +-------+-------+-------+-------+-------+----------------------
         Total | 100.0 | 100.0 |   3.5 |  24.4 |  38.9 | 1056.5
       Dungeon |  63.9 |  63.2 |   4.6 |  15.8 |  41.6 | 1038.2
        Temple |   1.6 |   1.5 |   7.0 |   0.0 |  96.0 | 225.0
          Lair |  34.5 |  35.3 |   1.4 |  40.9 |  31.5 | 1305.5
               +-------+-------+-------+-------+-------+----------------------

Vault maps used:
D:1:      saegor_arrival_simple_a, nrook_campfire, feat_on_display
D:2:      lemuel_crystal_altar
D:3:      first_ration, ebering_ghost_sewer_f, uniq_natasha
D:4:      grunt_temple_overflow_open, hex_medium, uniq_pikel
D:5:      serial_shops, nicolae_shop_stone
D:6:      grunt_temple_overflow_forces_of_nature, marbit_many_paths,
          minmay_temple_entry_trees
D:7:      grunt_temple_overflow_gold_and_silver,
          minmay_guarded_unrand_staff_of_olgreb
D:8:      nicolae_overflow_hidden_temple, serial_shops,
          nicolae_shop_overgrown_old_shop, blue_anna_alchemist,
          minmay_misc_feat_nine_boxes, grunt_dithmenos_shadows
D:9:      erik_lair_orcish_takeover, david_orc_4, trog_eyes_of_draining
Temple:   compressed_dpeg_triangle_lava_temple
Lair:1:   serial_bayou_ford_a, serial_bayou_pond_c
Lair:2:   minmay_shoals_entry_lonely_mermaid,
          minmay_snake_entry_guardpost_medium
Lair:3:   grunt_megastairs_2
Lair:4:   gammafunk_cloud_chamber, portal_ice_cave_entry_animals_and_master,
          serial_bayou_shore_a
